 Dungeon Crawl Stone Soup version 0.23.0 (webtiles) character file.

Game seed: 1505080990979574635

1201 vishdafish the Poker (level 8, -6/61 HPs)
             Began as a Demonspawn Skald on Feb 17, 2019.
             Was an Initiate of Yredelemnul.
             Mangled by a gargoyle
             ... wielding a +0 morningstar
              (13 damage)
             ... on level 5 of the Dungeon.
             The game lasted 00:12:08 (6439 turns).

vishdafish the Poker (Demonspawn Skald)             Turns: 6439, Time: 00:12:09

Health: -6/61      AC:  8    Str: 10 (12) XL:     8   Next: 21%
Magic:  14/14      EV: 19    Int: 14 (16) God:    Yredelemnul [......]
Gold:   450        SH:  0    Dex: 16 (18) Spells: 10/15 levels left

rFire    . . .     SeeInvis .   a - +0 spear
rCold    + . .     Gourm    +   (no shield)
rNeg     . . .     Faith    .   b - +0 leather armour
rPois    .         Spirit   .   (helmet restricted)
rElec    .         Reflect  .   (no cloak)
rCorr    .         Harm     .   n - +1 pair of gloves
MR       .....                  (no boots)
Stlth    +.........             m - amulet of the gourmand
HPRegen  0.20/turn              e - ring of attention (curse)
MPRegen  0.14/turn              q - ring of protection from cold

@: agile
A: claws 1, horns 2, slimy green scales 2, demonic guardian 1, deterioration 1,
mutation resistance 1, rot immunity
a: Renounce Religion


You were on level 5 of the Dungeon.
You worshipped Yredelemnul.
Yredelemnul was noncommittal.
You were not hungry.

You visited 2 branches of the dungeon, and saw 7 of its levels.

You collected 450 gold pieces.

Inventory:

Hand Weapons
 a - a +0 spear (weapon)
Armour
 b - a +0 leather armour (worn)
 n - a +1 pair of gloves (worn)
Jewellery
 e - a cursed ring of attention (left hand)
 h - an uncursed ring of resist corrosion
 m - an amulet of the gourmand (around neck)
 q - a ring of protection from cold (right hand)
Wands
 w - a wand of polymorph (8)
Scrolls
 c - 2 scrolls of teleportation
 f - 2 scrolls of blinking
 g - 4 scrolls of enchant armour
 i - 2 scrolls of remove curse
 l - 2 scrolls of immolation
 o - a scroll of fear {unknown}
 p - a scroll of enchant weapon {unknown}
 s - a scroll of amnesia {unknown}
Potions
 r - a potion of degeneration
 u - a potion of flight {unknown}
 v - 2 potions of curing {unknown}
Comestibles
 d - 4 rations


   Skills:
 + Level 4.3 Fighting
 * Level 5.4 Polearms
 + Level 3.4 Armour
 + Level 4.0 Dodging
 + Level 4.0 Spellcasting
 - Level 3.0 Charms


You had 10 spell levels left.
You knew the following spells:

 Your Spells              Type           Power        Failure   Level  Hunger
a - Infusion              Chrm           ##..         8%          1    None
b - Song of Slaying       Chrm           ##......     11%         2    ##.....
c - Shroud of Golubria    Chrm/Tloc      #.........   21%         2    ##.....

Your spell library contained the following spells:

 Spells                   Type           Power        Failure   Level  Hunger
 Regeneration             Chrm/Necr      #.........   38%         3    ###....
 Spectral Weapon          Hex/Chrm       #.......     38%         3    ###....


Dungeon Overview and Level Annotations

Branches:
Dungeon (6/15)             Temple (1/1) D:5

Altars:
Ashenzari
Cheibriados
Dithmenos
Elyvilon
Fedhas
Gozag
Hepliaklqana
Kikubaaqudgha
Makhleb
Nemelex Xobeh
Okawaru
Qazlal
Ru
Sif Muna
Trog
Uskayaw
Wu Jian
Xom
Yredelemnul
Zin
The Shining One

Shops:
D:6 %


Innate Abilities, Weirdness & Mutations

You have a pair of horns on your head.
You are mostly covered in slimy green scales. (AC +3)
A weak demonic guardian rushes to your aid.
You are immune to rotting.
You have sharp fingernails.
Your body sometimes deteriorates upon taking damage.
You are somewhat resistant to further mutation.


Message History

You hit the gargoyle.
The gargoyle is moderately damaged.
You hit the gargoyle.
The gargoyle is heavily damaged.
The gargoyle hits you with a +0 morningstar.
You hit the gargoyle. You headbutt the gargoyle.
The gargoyle is severely damaged.
The gargoyle barely misses you.
You hit the gargoyle but do no damage.
The gargoyle is severely damaged.
The gargoyle hurls a stone arrow at you.
The stone arrow hits you!
* * * LOW HITPOINT WARNING * * *
You hit the gargoyle.
The gargoyle is severely damaged.
You hit the gargoyle but do no damage.
The gargoyle is severely damaged.
The gargoyle hits you with a +0 morningstar!
You die...
Your body rises from the dead as a mindless zombie.

##.........##.###...(#
....#########)....##.#
.#.## #..#####.# ...##
#..# #(# ....######
##.## #(#
###......###..# #(#
######...#..# ##)#
###.#..#####..###
#.....9@......# ##
####..#.#####.##.#
.### #....##.# #.##.#
...####.#####.# #.#..#
##......# ... #.#.##
####.##.... ... #...#
....># ##...####..##
###### ### #.....#
#.#..##


You could see a gargoyle.

Vanquished Creatures
  Sigmund (D:4)
  Eustachio (D:5)
  An ice beast (D:5)
  2 ogres
  A big kobold (D:5)
  A scorpion (D:4)
  A howler monkey (D:4)
  A crimson imp (D:4)
  A bullfrog zombie (D:5)
  A centaur skeleton (D:4)
  3 orc wizards
  A bullfrog skeleton (D:3)
  An orc priest (D:2)
  Terence (D:2)
  An iguana (D:4)
  A howler monkey skeleton (D:5)
  11 adders
  An ooze (D:1)
  An adder zombie (D:4)
  2 adder skeletons
  2 worms (D:2)
  2 dart slugs
  4 leopard geckos
  7 orcs
  3 giant cockroaches
  9 hobgoblins
  12 jackals
  11 kobolds
  A quokka (D:3)
  4 ball pythons
  A ball python skeleton (D:4)
  5 bats
  9 frilled lizards
  8 goblins
  7 rats
119 creatures vanquished.

Vanquished Creatures (others)
  4 toadstools (D:2)
4 creatures vanquished.

Grand Total: 123 creatures vanquished

Notes
Turn   | Place    | Note
-------+----------+-------------------------------------------
     0 | D:1      | vishdafish the Demonspawn Skald began the quest for the
                  | Orb.
     0 | D:1      | Reached XP level 1. HP: 16/16 MP: 3/3
   303 | D:1      | Gained mutation: You are immune to rotting. [demonic
                  | ancestry]
   303 | D:1      | Reached XP level 2. HP: 22/22 MP: 5/5
   509 | D:1      | Reached skill level 1 in Armour
   802 | D:1      | Reached skill level 2 in Polearms
  1420 | D:2      | Gained mutation: You have a pair of small horns on your
                  | head. [demonic ancestry]
  1420 | D:2      | Reached XP level 3. HP: 21/27 MP: 6/6
  2313 | D:2      | Reached XP level 4. HP: 34/34 MP: 7/7
  2560 | D:2      | Noticed Terence
  2582 | D:2      | Killed Terence
  2591 | D:2      | Found a faded altar of an unknown god.
  3218 | D:2      | Reached skill level 3 in Polearms
  3218 | D:2      | Gained mutation: You are partially covered in slimy green
                  | scales. (AC +2) [demonic ancestry]
  3218 | D:2      | Reached XP level 5. HP: 38/40 MP: 7/9
  3989 | D:3      | Learned a level 2 spell: Song of Slaying
  3992 | D:3      | Learned a level 2 spell: Shroud of Golubria
  4210 | D:4      | Noticed an ogre
  4259 | D:4      | Noticed Sigmund
  4400 | D:4      | Killed Sigmund
  4400 | D:4      | Reached XP level 6. HP: 35/47 MP: 4/10
  4454 | D:4      | Reached skill level 4 in Polearms
  4527 | D:4      | Gained mutation: You are mostly covered in slimy green
                  | scales. (AC +3) [demonic ancestry]
  4527 | D:4      | Reached XP level 7. HP: 32/52 MP: 8/11
  4750 | D:4      | HP: 2/53 [scorpion (1)]
  5243 | D:4      | Gained mutation: Your magical capacity is low. (-10% MP)
                  | [potion of mutation]
  5243 | D:4      | Gained mutation: You have a pair of horns on your head.
                  | [potion of mutation]
  5243 | D:4      | Gained mutation: You have a pair of large horns on your
                  | head. [potion of mutation]
  5244 | D:4      | Lost mutation: Your magical capacity is low. (-10% MP)
                  | [potion of mutation]
  5244 | D:4      | Lost mutation: You have a pair of large horns on your head.
                  | [potion of mutation]
  5244 | D:4      | Gained mutation: Your body sometimes deteriorates upon
                  | taking damage. [potion of mutation]
  5244 | D:4      | Gained mutation: You have sharp fingernails. [potion of
                  | mutation]
  5244 | D:4      | Gained mutation: You are somewhat resistant to further
                  | mutation. [potion of mutation]
  5372 | D:5      | Entered Level 5 of the Dungeon
  5565 | D:5      | Reached skill level 5 in Polearms
  5624 | D:5      | Gained mutation: A weak demonic guardian rushes to your
                  | aid. [demonic ancestry]
  5624 | D:5      | Reached XP level 8. HP: 46/60 MP: 13/13
  5630 | D:5      | Noticed Eustachio
  5640 | D:5      | Found a staircase to the Ecumenical Temple.
  5674 | D:5      | Killed Eustachio
  5754 | D:5      | Noticed a gargoyle
  5769 | D:6      | Found Muklurol's Food Shoppe.
  6108 | Temple   | Entered the Ecumenical Temple
  6171 | Temple   | Became a worshipper of Yredelemnul the Dark
  6439 | D:5      | Mangled by a gargoyle

Skill      XL: |  1  2  3  4  5  6  7  8 |
---------------+-------------------------+-----
Charms         | 3 |  3.0
Armour         | 1 2 3 |  3.4
Polearms       | 2 3 4 5 |  5.4
Dodging        | 2 3 4 |  4.0
Fighting       | 3 4 |  4.3
Spellcasting   | 3 4 |  4.0

Action                   |  1- 3 |  4- 6 |  7- 9 || total
-------------------------+-------+-------+-------++-------
Melee: Spear             |   157 |   255 |   255 ||   667
       Headbutt          |     6 |    32 |    47 ||    85
Throw: Throwing net      |     3 |       |       ||     3
 Cast: Infusion          |     1 |     4 |     7 ||    12
  Use: Potion            |     1 |     1 |     7 ||     9
       Scroll            |       |       |     6 ||     6
  Eat: Chunk             |     3 |     4 |     6 ||    13
       Ration            |       |     1 |     1 ||     2
Armor: Leather armour    |    33 |    95 |    97 ||   225
       Skin              |     5 |    32 |    27 ||    64
Dodge: Dodged            |    60 |   158 |   150 ||   368
